 Dungeon Crawl Stone Soup version 0.29-a0-551-gffc1d7fb78 (webtiles) character file.

Game seed: 6892442330866912591

238 vulpzor the Vexing (level 6, -4/50 HPs)
             Began as a Gnoll Wanderer on June 6, 2022.
             Was an Initiate of Yredelemnul.
             Slain by an orc warrior
             ... wielding a +0 long sword
              (13 damage)
             ... on level 4 of the Dungeon.
             The game lasted 00:22:07 (4665 turns).

vulpzor the Vexing (Gnoll Wanderer)                 Turns: 4665, Time: 00:22:07

Health: -4/50      AC:  6    Str: 14    XL:     6   Next: 7%
Magic:  11/11      EV: 11    Int: 12    God:    Yredelemnul [......]
Gold:   170        SH:  0    Dex: 10    Spells: 9/11 levels left

rFire   . . .      SeeInvis +   w - +2 dagger (flame)
rCold   . . .      Faith    .   (no shield)
rNeg    . . .      Spirit   .   f - +0 ring mail
rPois   .          Reflect  .   (no helmet)
rElec   .          Harm     .   (no cloak)
rCorr   .          Rampage  .   v - +0 pair of gloves
Will    .....                   (no boots)
Stlth   +.........              (no amulet)
HPRegen 0.16/turn               B - ring of see invisible
MPRegen 0.12/turn               (no ring)

@: no status effects
A: fangs 1, strong nose, distributed training
a: Renounce Religion, Recall Undead Harvest


You were on level 4 of the Dungeon.
You worshipped Yredelemnul.
Yredelemnul was noncommittal.
You visited 1 branch of the dungeon, and saw 4 of its levels.

You collected 320 gold pieces.
You spent 150 gold pieces at shops.

Inventory:

Hand Weapons
 a - a +0 club
 g - a +0 spear
 r - a +0 great sword of holy wrath
 w - a +2 dagger of flaming (weapon)
 x - a +0 hunting sling
 y - a +1 dagger of holy wrath
Missiles
 z - 47 stones (quivered)
Armour
 c - a +0 leather armour
 f - a +0 ring mail (worn)
 h - a +0 ring mail
 k - a +0 leather armour
 m - a +2 robe of willpower
 p - a +0 chain mail
 v - a +0 pair of gloves (worn)
Jewellery
 n - an amulet of faith
 B - a ring of see invisible (left hand)
Scrolls
 d - a scroll of teleportation
 i - a scroll of immolation
 l - a scroll of identify
 o - a scroll of amnesia
 A - a scroll of enchant armour
 C - a scroll of vulnerability
Potions
 j - a potion of mutation
 s - a potion of magic {unknown}
 t - a potion of heal wounds {unknown}
 u - 3 potions of flight {unknown}


   Skills:
 + Level 4.9 Fighting
 + Level 1.8 Short Blades
 + Level 1.8 Long Blades
 + Level 1.8 Axes
 + Level 1.8 Maces & Flails
 + Level 1.8 Polearms
 + Level 1.8 Staves
 + Level 1.8 Slings
 + Level 1.8 Bows
 + Level 1.8 Crossbows
 + Level 1.8 Throwing
 + Level 1.8 Armour
 + Level 3.1 Dodging
 + Level 3.0 Stealth
 + Level 1.8 Shields
 + Level 1.8 Unarmed Combat
 + Level 3.3 Spellcasting
 + Level 1.4 Conjurations
 + Level 5.6 Hexes
 + Level 1.4 Summonings
 + Level 1.4 Necromancy
 + Level 1.4 Translocations
 + Level 1.4 Transmutations
 + Level 1.4 Fire Magic
 + Level 4.0 Ice Magic
 + Level 1.4 Air Magic
 + Level 1.4 Earth Magic
 + Level 1.4 Poison Magic
 + Level 2.0 Invocations
 + Level 1.8 Evocations


You had 9 spell levels left.
You knew the following spells:

 Your Spells              Type           Power      Damage    Failure   Level
a - Slow                  Hex            60%        N/A       4%          1
b - Freeze                Ice            44%        1d6       9%          1

Your spell library contained the following spells:

 Spells                   Type           Power      Damage    Failure   Level
 Confusing Touch          Hex            15%        N/A       14%         3
 Tukima's Dance           Hex            15%        N/A       14%         3
 Ozocubu's Armour         Ice            11%        N/A       26%         3
 Blink                    Tloc           10%        N/A       36%         2
 Ignite Poison            Fire/Tmut/Pois 5%         N/A       61%         3
 Lesser Beckoning         Tloc           5%         N/A       61%         3
 Mephitic Cloud           Conj/Pois/Air  5%         N/A       61%         3
 Freezing Cloud           Conj/Ice/Air   3%         6-21      99%         5
 Manifold Assault         Tloc           5%         N/A       100%        5
 Storm Form               Tmut/Air       2%         N/A       100%        7


Dungeon Overview and Level Annotations

Branches:
Dungeon (4/15)
 Temple: D:4-7

Altars:
Cheibriados
Fedhas
Yredelemnul

Shops:
D:2 (


Innate Abilities, Weirdness & Mutations

You have very sharp teeth.
Your uncanny sense of smell can sniff out nearby items.
Your experience applies equally to all skills.


Message History

Your Stealth skill increases to level 3!
You feel better.
The orc seems to regain its courage.
You hit the orc warrior but do no damage.
You bite the orc warrior, but do no damage.
The orc warrior is almost dead.
You hit the orc. You burn the orc.
The orc is moderately wounded.
The orc warrior hits you but does no damage.
The orc hits you but does no damage.
You hit the orc. You burn the orc.
The orc is severely wounded.
The orc warrior closely misses you. The orc hits you but does no damage.
You closely miss the orc.
The orc is severely wounded.
The orc warrior hits you with a +0 long sword!
* * * LOW HITPOINT WARNING * * *
You closely miss the orc.
The orc is severely wounded.
The orc closely misses you. The orc warrior completely misses you.
You hit the orc. You burn the orc.
You kill the orc!
The orc warrior hits you with a +0 long sword.
* * * LOW HITPOINT WARNING * * *
You feel better.
The orc warrior hits you with a +0 long sword!
* * * LOW HITPOINT WARNING * * *
You hit the orc warrior but do no damage.
Your bite misses the orc warrior.
The orc warrior is almost dead.
You hit the orc warrior but do no damage.
The orc warrior is almost dead.
The orc warrior completely misses you.
You hit the orc warrior. You burn the orc warrior.
The orc warrior is almost dead.
The orc warrior closely misses you.
You hit the orc warrior but do no damage.
The orc warrior is almost dead.
The orc warrior hits you with a +0 long sword!
You die...
Your body rises from the dead as a mindless zombie.

#.#..# ##.# ###....#
#..# #.>....##
#####..##
#.......###.......#
#####.....##....#)#.#
###..##.#.####o..##)###
##.........###...##..o
#...........o#)..##8o8#
#....#......@)....#)..#
#....#......########o##
##.....##..## ∆ ...
##....##### ... #.....#
##.#############
##....#.#.#....# ∆ ∆
##.............## ### #
#..............# #.##
.#


You could see an orc warrior.

Vanquished Creatures
  2 scorpion zombies (D:3)
  2 orc wizards (D:4)
  4 adders
  An adder zombie (D:3)
  2 worms (D:2)
  4 dart slugs
  10 orcs
  4 bats
  7 endoplasms
  5 giant cockroaches
  8 goblins
  2 hobgoblins
  4 quokkas
  6 ball pythons
  A ball python zombie (D:3)
  3 frilled lizards (D:2)
  6 kobolds
71 creatures vanquished.

Vanquished Creatures (others)
  A giant cockroach zombie (D:4)
  A goblin zombie (D:3)
  5 orc zombies (D:4)
7 creatures vanquished.

Grand Total: 78 creatures vanquished

Notes
Turn   | Place    | Note
-------+----------+-------------------------------------------
     0 | D:1      | vulpzor the Gnoll Wanderer began the quest for the Orb.
     0 | D:1      | vulpzor set off with the following items: a +0 club, a
                  | scroll of fear, a +0 leather armour, a scroll of
                  | teleportation; and the following spells available to
                  | memorise: Slow, Freeze, Confusing Touch, Tukima's Dance,
                  | Ozocubu's Armour
     0 | D:1      | Reached XP level 1. HP: 20/20 MP: 4/4
   141 | D:1      | Learned a level 1 spell: Slow
   143 | D:1      | Learned a level 1 spell: Freeze
   249 | D:1      | Reached XP level 2. HP: 17/26 MP: 5/5
  1234 | D:2      | Reached XP level 3. HP: 6/31 MP: 7/7
  1549 | D:2      | Reached skill level 1 in Invocations
  1597 | D:2      | Reached skill level 1 in Short Blades
  1597 | D:2      | Reached skill level 1 in Long Blades
  1597 | D:2      | Reached skill level 1 in Axes
  1597 | D:2      | Reached skill level 1 in Maces & Flails
  1597 | D:2      | Reached skill level 1 in Polearms
  1597 | D:2      | Reached skill level 1 in Staves
  1597 | D:2      | Reached skill level 1 in Slings
  1597 | D:2      | Reached skill level 1 in Bows
  1597 | D:2      | Reached skill level 1 in Crossbows
  1597 | D:2      | Reached skill level 1 in Throwing
  1597 | D:2      | Reached skill level 1 in Armour
  1597 | D:2      | Reached skill level 1 in Shields
  1597 | D:2      | Reached skill level 1 in Unarmed Combat
  1597 | D:2      | Reached skill level 1 in Evocations
  1818 | D:2      | Reached XP level 4. HP: 4/38 MP: 8/8
  2470 | D:2      | Found Haotug's Weapon Shop.
  2502 | D:2      | Bought a +0 great sword of holy wrath for 150 gold pieces
  3045 | D:3      | Found a blossoming altar of Fedhas.
  3102 | D:3      | Became a worshipper of Fedhas Madash
  3265 | D:3      | Reached skill level 1 in Conjurations
  3265 | D:3      | Reached skill level 1 in Summonings
  3265 | D:3      | Reached skill level 1 in Necromancy
  3265 | D:3      | Reached skill level 1 in Translocations
  3265 | D:3      | Reached skill level 1 in Transmutations
  3265 | D:3      | Reached skill level 1 in Fire Magic
  3265 | D:3      | Reached skill level 1 in Air Magic
  3265 | D:3      | Reached skill level 1 in Earth Magic
  3265 | D:3      | Reached skill level 1 in Poison Magic
  3456 | D:3      | Found a faded altar of an unknown god.
  3463 | D:3      | Prayed at the altar of an unknown god.
  3477 | D:3      | Found a basalt altar of Yredelemnul.
  3492 | D:3      | Reached XP level 5. HP: 27/43 MP: 9/9
  3496 | D:3      | Fell from the grace of Fedhas
  3496 | D:3      | Became a worshipper of Yredelemnul the Dark
  4433 | D:4      | Found a snail-covered altar of Cheibriados.
  4610 | D:4      | Noticed an orc warrior
  4613 | D:4      | Reached XP level 6. HP: 45/50 MP: 8/10
  4665 | D:4      | Slain by an orc warrior

Illustrated notes

Levels and vault maps discovered:
D:1:      sevenhm_arrival_forest_fort_small_4, layout_basic,
          palyth_stone_intersect, minmay_pentomino_s4
D:2:      layout_loops_ring, serial_shops, nicolae_shop_bloodbath_and_beyond,
          kennysheep_cross_room, minmay_joined_circles
D:3:      layout_loops_ring, nicolae_yredelemnul_corpse_copse,
          amcnicky_altar_gilded, hellmonk_ecumenical_altar_leap_of_faith,
          serial_glass, glass_columns_b, glass_columns_c
D:4:      layout_cave_pools, mainiacjoe_overflow_paths, cheibriados_altar_1,
          pf_guarded_unrand_delatra

Skill      XL: |  1  2  3  4  5  6 |
---------------+-------------------+-----
Invocations    | 1 2 |  2.0
Short Blades   | 1 |  1.8
Long Blades    | 1 |  1.8
Axes           | 1 |  1.8
Maces & Flails | 1 |  1.8
Polearms       | 1 |  1.8
Staves         | 1 |  1.8
Slings         | 1 |  1.8
Bows           | 1 |  1.8
Crossbows      | 1 |  1.8
Throwing       | 1 |  1.8
Armour         | 1 |  1.8
Shields        | 1 |  1.8
Unarmed Combat | 1 |  1.8
Evocations     | 1 |  1.8
Spellcasting   | 3 |  3.3
Conjurations   | 1 |  1.4
Summonings     | 1 |  1.4
Necromancy     | 1 |  1.4
Translocations | 1 |  1.4
Transmutations | 1 |  1.4
Fire Magic     | 1 |  1.4
Air Magic      | 1 |  1.4
Earth Magic    | 1 |  1.4
Poison Magic   | 1 |  1.4
Dodging        | 3 |  3.1
Ice Magic      | 4 |  4.0
Stealth        | 3 |  3.0
Fighting       | |  4.9
Hexes          | |  5.6

Action                   |  1- 3 |  4- 6 || total
-------------------------+-------+-------++-------
Melee: Club              |    19 |       ||    19
       Spear             |   108 |    96 ||   204
       Bite              |    20 |    22 ||    42
       Punch             |     1 |     3 ||     4
       Great sword       |       |    38 ||    38
       Dagger            |       |    73 ||    73
 Cast: Slow              |     1 |     3 ||     4
  Use: Scroll            |     6 |     5 ||    11
       Potion            |       |     3 ||     3
 Stab: Sleeping          |     2 |       ||     2
Armor: Leather armour    |    27 |       ||    27
       Robe              |    18 |     4 ||    22
       Ring mail         |       |    59 ||    59
Dodge: Dodged            |   102 |   129 ||   231

Table legend: (Time is in decaauts)
 A = Elapsed time spent in this place.
 B = Non-inter-level travel time spent in this place.
 C = Inter-level travel time spent in this place.
 D = Time resting spent in this place.
 E = Time spent auto-exploring this place.
 F = Levels seen in this place.
 G = Mean time per level.
                   A        B        C        D        E       F      G
               +--------+--------+--------+--------+--------+-----+--------+
         Total |   4703 |   4703 |      0 |    860 |   1959 |   4 | 1175.8 |
       Dungeon |   4703 |   4703 |      0 |    860 |   1959 |   4 | 1175.8 |
               +--------+--------+--------+--------+--------+-----+--------+

Top non-repeatable levels by time:
     D:2: 1932 daAuts
     D:3: 1411 daAuts
     D:1: 1126 daAuts
     D:4: 232 daAuts
